 Dungeon Crawl Stone Soup version 0.25-a0-565-g8875c97ebb (webtiles) character file.

Game seed: 158339941026709144, levelgen mode: deterministic

6632 Flugslaktarn the Cleaver (level 10, -7/92 HPs)
             Began as a Deep Dwarf Fighter on Feb 26, 2020.
             Was an Elder of Makhleb.
             Mangled by a large slime creature (35 damage)
             ... on level 9 of the Dungeon.
             The game lasted 00:04:15 (5744 turns).

Flugslaktarn the Cleaver (Deep Dwarf Fighter)       Turns: 5744, Time: 00:04:15

Health: -7/92      AC: 16    Str: 22    XL:     10   Next: 72%
Magic:  9/9        EV:  6    Int: 10    God:    Makhleb [****..]
Gold:   207        SH: 12    Dex: 18    Spells: 9/9 levels left

rFire    . . .     SeeInvis .   b - +2 hand axe (flame)
rCold    . . .     Gourm    .   c - +0 kite shield
rNeg     . . .     Faith    .   k - +3 chain mail
rPois    .         Spirit   .   (no helmet)
rElec    .         Reflect  .   m - +0 cloak {+Inv}
rCorr    .         Harm     .   s - +0 pair of gloves
MR       +....                  (no boots)
Stlth    ..........             (no amulet)
HPRegen  0.00/turn              h - +6 ring of dexterity
MPRegen  0.11/turn              (no ring)

@: lethally poisoned (-7 -> -7), non-regenerating
A: damage resistance, heal wounds, sense surroundings 2, no regeneration
a: Heal Wounds, Minor Destruction, Lesser Servant of Makhleb, Major Destruction,
Renounce Religion, Evoke Invisibility


You were on level 9 of the Dungeon.
You worshipped Makhleb.
Makhleb was greatly pleased with you.
You were not hungry.

You visited 2 branches of the dungeon, and saw 10 of its levels.

You collected 311 gold pieces.
You spent 104 gold pieces at shops.

Inventory:

Hand Weapons
 b - a +2 hand axe of flaming (weapon)
   (You took it off an orc on level 4 of the Dungeon)
 o - a +0 broad axe
   (You bought it in a shop on level 4 of the Dungeon)
 z - a +1 war axe of pain
   (You took it off an orc warrior on level 8 of the Dungeon)
Armour
 c - a +0 kite shield (worn)
 i - a +3 chain mail
   (You found it on level 5 of the Dungeon)
 k - a +3 chain mail (worn)
   (You took it off Ijyb on level 4 of the Dungeon)
 m - a +0 cloak of invisibility (worn)
   (You found it on level 2 of the Dungeon)
 s - a +0 pair of gloves (worn)
   (You found it on level 7 of the Dungeon)
Jewellery
 h - a +6 ring of dexterity (left hand)
   (You found it on level 1 of the Dungeon)
 u - an uncursed ring of protection from magic {unknown}
   (You found it on level 7 of the Dungeon)
Wands
 a - a wand of acid (9)
   (You found it on level 9 of the Dungeon)
 v - a wand of digging (3)
   (You found it on level 7 of the Dungeon)
Scrolls
 j - 2 scrolls of remove curse {unknown}
 r - 2 scrolls of identify
 t - 4 scrolls of teleportation
 x - a scroll of noise {unknown}
Potions
 d - a potion of might
 f - 3 potions of flight {unknown}
 g - 2 potions of ambrosia
 l - a potion of stabbing {unknown}
 n - a potion of brilliance {unknown}
 p - a potion of invisibility {unknown}
 q - 3 potions of curing
 w - 3 potions of heal wounds
 y - a potion of mutation {unknown}
 A - a potion of degeneration {unknown}
Comestibles
 e - 12 rations
 B - 8 chunks of flesh


   Skills:
 + Level 6.8 Fighting
 * Level 10.8 Axes
 + Level 8.2 Armour
 + Level 8.2 Shields
 + Level 7.7 Invocations


You had 9 spell levels left.
You didn't know any spells.
Your spell library was empty.

Dungeon Overview and Level Annotations

Branches:
Dungeon (9/15)             Temple (1/1) D:4            Lair (0/6) D:8
    Orc (0/2) D:9

Altars:
Ashenzari
Dithmenos
Fedhas
Hepliaklqana
Kikubaaqudgha
Makhleb
Nemelex Xobeh
Okawaru
Qazlal
Ru
Sif Muna
Trog
Uskayaw
Vehumet
Xom
Yredelemnul
Zin

Shops:
D:4 (([

Annotations:
D:8 exclusion: door


Innate Abilities, Weirdness & Mutations

You are resistant to damage.
You can heal yourself by infusing magical energy.
You passively map the area around you.
You do not regenerate.


Message History

The large slime creature is heavily wounded.
You hit the slime creature. You burn the slime creature.
The large slime creature hits you! You block the slime creature's attack.
You slash the large slime creature! You burn the large slime creature.
The large slime creature is heavily wounded.
You hit the slime creature but do no damage. x2
The slime creature hits you!
* * * LOW HITPOINT WARNING * * *
The large slime creature hits you!!
* * * LOW HITPOINT WARNING * * *
You are too injured to fight recklessly!
You are too injured to fight recklessly!
You are too injured to fight recklessly!
You feel much better. The slime creature hits you.
* * * LOW HITPOINT WARNING * * *
The slime creature barely misses you. The large slime creature hits you.
* * * LOW HITPOINT WARNING * * *
You feel much better. You block the slime creature's attack.
The slime creature hits you! The large slime creature hits you!!!
You die...

.# #...?.# ,
#.###.....#...#...#
.(...#...#.###...#
#...,#^###.....########
##..###.....#..........#
##.......#...#..........#
.........#.###..{.......#
#.....###.....JJJ......#
#.........#....@.......#
###.###...#.####.######
##.# #.###.# #..## #..#
#.....# ##..# #.##
##.#### ##.# #.# ##.# #.#
#.# #..# ####.####
##'####.#######.......#
#........#............#


You could see a large slime creature and 2 slime creatures.

Vanquished Creatures
  The ghost of EnegeticOcto the Chopper, a novice DDFi (D:5)
  A queen bee (D:9)
  A troll (D:9)
  2 hippogriffs (D:9)
  2 slime creatures (D:9)
  7 yaks
  A hungry ghost (D:9)
  Menkaure (D:5)
  Duvessa (D:4)
  A porcupine (D:8)
  2 orc warriors
  2 ice beasts
  2 black bears
  2 phantoms (D:9)
  An ogre (D:5)
  2 centaurs (D:9)
  3 bullfrogs
  Dowan (D:4)
  A wyvern skeleton (D:8)
  6 scorpions
  2 troll zombies (D:9)
  16 killer bees (D:9)
  5 howler monkeys
  4 crimson imps
  3 hounds
  A gnoll shaman (D:5)
  3 orc priests
  5 orc wizards
  A bullfrog skeleton (D:5)
  Ijyb (D:4)
  Natasha (D:3)
  9 worker ants
  6 ogre zombies (D:9)
  A worker ant zombie (D:6)
  3 gnolls (D:5)
  7 adders
  A shadow imp (D:5)
  3 adder skeletons
  A worm (D:5)
  A dart slug (D:1)
  4 leopard geckos
  24 orcs
  A ball python (D:5)
  A bat (D:3)
  5 giant cockroaches
  2 hobgoblins (D:1)
  13 jackals
  A quokka (D:5)
  3 frilled lizards
  2 goblins
  A goblin skeleton (D:9)
  4 goblin zombies (D:9)
  3 hobgoblin skeletons (D:9)
  A hobgoblin zombie (D:9)
  5 orc skeletons (D:9)
  11 orc zombies (D:9)
  A quokka skeleton (D:6)
  7 rats
  3 fungi (D:8)
  A plant (D:8)
207 creatures vanquished.

Notes
Turn   | Place    | Note
-------+----------+-------------------------------------------
     0 | D:1      | Flugslaktarn the Deep Dwarf Fighter began the quest for the
                  | Orb.
     0 | D:1      | Reached XP level 1. HP: 20/20 MP: 1/1
   151 | D:1      | Reached XP level 2. HP: 24/27 MP: 2/2
   317 | D:2      | Found an ancient bone altar of Kikubaaqudgha.
   733 | D:2      | Reached skill level 3 in Axes
   733 | D:2      | Reached XP level 3. HP: 26/33 MP: 3/3
   844 | D:3      | Noticed Natasha
   854 | D:3      | Killed Natasha
   854 | D:3      | Reached XP level 4. HP: 26/42 MP: 4/4
  1025 | D:4      | Noticed Duvessa
  1027 | D:4      | Noticed Dowan
  1040 | D:4      | Killed Duvessa
  1040 | D:4      | Reached skill level 4 in Axes
  1040 | D:4      | Reached XP level 5. HP: 37/49 MP: 5/5
  1047 | D:4      | Killed Dowan
  1096 | D:4      | Reached XP level 6. HP: 46/56 MP: 6/6
  1219 | D:4      | Noticed Ijyb
  1231 | D:4      | Killed Ijyb
  1231 | D:4      | Reached skill level 5 in Axes
  1456 | D:4      | Reached XP level 7. HP: 30/64 MP: 7/7
  1460 | D:4      | Found Xakkia's Armour Shop.
  1460 | D:4      | Found Wollist's Weapon Shoppe.
  1514 | D:4      | Found a staircase to the Ecumenical Temple.
  1549 | D:4      | Found Icetad's Antique Weapon Shoppe.
  1588 | Temple   | Entered the Ecumenical Temple
  1720 | Temple   | Became a worshipper of Makhleb the Destroyer
  2005 | D:5      | Entered Level 5 of the Dungeon
  2009 | D:5      | Noticed Menkaure
  2015 | D:5      | Reached skill level 5 in Armour
  2024 | D:5      | Killed Menkaure
  2024 | D:5      | Reached skill level 6 in Axes
  2024 | D:5      | Reached skill level 5 in Shields
  2024 | D:5      | Reached skill level 1 in Invocations
  2100 | D:5      | Reached XP level 8. HP: 31/73 MP: 5/7
  2103 | D:5      | Found a runed translucent door.
  2103 | D:5      | Noticed EnegeticOcto's ghost (novice DDFi)
  2616 | D:5      | Killed EnegeticOcto's ghost
  2616 | D:5      | Reached skill level 7 in Axes
  2714 | D:6      | Reached skill level 5 in Fighting
  2859 | D:6      | Reached * piety under Makhleb
  3258 | D:6      | Found a sparkling altar of Nemelex Xobeh.
  3260 | D:6      | Found a sacrificial altar of Ru.
  3262 | D:6      | Found a stormy altar of Qazlal.
  3262 | D:6      | Found a shattered altar of Ashenzari.
  3265 | D:6      | Found an iron altar of Okawaru.
  3266 | D:6      | Found a bloodstained altar of Trog.
  3879 | D:7      | Reached skill level 8 in Axes
  3879 | D:7      | Gained mutation: You passively map the area around you.
                  | [Deep Dwarf growth]
  3879 | D:7      | Reached XP level 9. HP: 81/81 MP: 9/9
  4296 | D:4      | Bought a broad axe for 104 gold pieces
  4637 | D:8      | Reached skill level 5 in Invocations
  4763 | D:8      | Found a blossoming altar of Fedhas.
  4812 | D:8      | Found a shimmering blue altar of Sif Muna.
  4955 | D:8      | Found a staircase to the Lair.
  5157 | D:9      | Reached ** piety under Makhleb
  5157 | D:9      | Reached skill level 9 in Axes
  5171 | D:9      | Found a staircase to the Orcish Mines.
  5234 | D:9      | Reached *** piety under Makhleb
  5356 | D:9      | Reached XP level 10. HP: 84/91 MP: 11/11
  5388 | D:9      | Reached skill level 10 in Axes
  5567 | D:9      | Reached **** piety under Makhleb
  5742 | D:9      | HP: 3/92 [large slime creature (21)]
  5744 | D:9      | Mangled by a large slime creature

Levels and vault maps discovered:
D:1:      erik_arrival_triangle_small, layout_basic
D:2:      minmay_wonky_spiral, layout_basic, nicolae_overflow_hidden_temple
D:3:      layout_loops_ring, grunt_decor_cap, columned_hall_lemuel,
          uniq_natasha, uniq_sigmund
D:4:      layout_basic, minmay_temple_entry_offerings, first_ration,
          serial_shops, shop, shop, shop, serial_co_window_serial,
          co_window_corner_a, co_window_paths_a, co_window_corner_a,
          co_window_corner_a, co_window_paths_a, co_window_corner_b,
          co_window_corner_cb, co_window_corner_b, co_window_of_opportunity_b,
          co_window_corner_b, glass_columns_a, glass_columns_a,
          minmay_manual_monstrance, uniq_duvessa, uniq_ijyb
D:5:      layout_cave_pools, ebering_ghost_sewer_d, serial_bayou_ford_a,
          uniq_menkaure
D:6:      layout_layer_cave, minitemple
D:7:      layout_basic, chequers_serial_rivers_micro_d
D:8:      layout_gridville, led_sif_book, marbit_many_paths,
          grunt_lair_entry_orc_guard_hut
D:9:      layout_roguey, zombieorc2_lemuel, david_nohive_1,
          minmay_misc_feat_pillars, hangedman_decor_points, grunt_ministairs_2
Temple:   nicolae_temple_figure_eight

Skill      XL: |  1  2  3  4  5  6  7  8  9 10 |
---------------+-------------------------------+-----
Axes           | 3 4 5 6 8 9 10 | 10.8
Fighting       | 3 4 5 6 |  6.8
Armour         | 4 5 6 7 8 |  8.2
Shields        | 4 5 6 7 8 |  8.2
Invocations    | 2 4 6 7 |  7.7

Action                   |  1- 3 |  4- 6 |  7- 9 | 10-12 || total
-------------------------+-------+-------+-------+-------++-------
Melee: War axe           |   101 |   110 |     3 |       ||   214
       Hand axe          |       |       |   464 |   162 ||   626
 Abil: Heal Wounds       |       |     3 |     9 |    11 ||    23
  Use: Scroll            |       |       |     8 |     1 ||     9
       Potion            |       |       |       |     1 ||     1
 Stab: Distracted        |     1 |       |       |       ||     1
  Eat: Chunk             |       |     2 |    11 |     2 ||    15
       Ration            |       |       |     2 |       ||     2
Armor: Scale mail        |    42 |    65 |       |       ||   107
       Chain mail        |       |    14 |   242 |   143 ||   399
Dodge: Dodged            |    30 |    39 |   107 |    57 ||   233
Block: Kite shield       |    52 |    77 |   273 |   139 ||   541

Table legend:
 A = Non-vault XP
 B = Vault XP
 C = Vault XP percentage of total XP
 D = Non-vault monster count
 E = Vault monster count
 F = Vault count percentage of total count
                 A         B        C        D         E       F
            +---------+---------+-------+---------+---------+-------
      Total |    5466 |    4009 |  42.3 |     130 |      73 |  36.0
            +---------+---------+-------+---------+---------+-------
        D:1 |      12 |       0 |   0.0 |       6 |       0 |   0.0
        D:2 |      33 |       2 |   5.7 |      13 |       2 |  13.3
        D:3 |      16 |      36 |  69.2 |       8 |       1 |  11.1
        D:4 |     203 |     479 |  70.2 |      19 |       8 |  29.6
        D:5 |     661 |     660 |  50.0 |      22 |       3 |  12.0
        D:6 |     563 |       0 |   0.0 |      13 |       0 |   0.0
        D:7 |     458 |       0 |   0.0 |      14 |       0 |   0.0
        D:8 |     344 |     559 |  61.9 |       9 |       4 |  30.8
        D:9 |    3176 |    2273 |  41.7 |      26 |      55 |  67.9
            +---------+---------+-------+---------+---------+-------
